 Dungeon Crawl Stone Soup version 0.29-a0-96-g93358da72b (webtiles) character file.

Game seed: 10956276491031974752

31693 siradein the Martial Artist (level 13, 0/126 (128) HPs)
             Began as a Demigod Transmuter on Feb 11, 2022.
             Slain by a manticore (7 damage)
             ... on level 4 of the Lair of Beasts.
             The game lasted 00:57:32 (15665 turns).

siradein the Martial Artist (Demigod Transmuter)   Turns: 15665, Time: 00:57:33

HP:   0/126 (128)   AC: 16    Str: 11    XL:     13   Next: 0%
MP:   26/29         EV: 14    Int: 27    God:
Gold: 872           SH:  0    Dex: 18    Spells: 11/27 levels left

rFire   x . .      SeeInvis +     - Unarmed
rCold   + + +      Faith    .   (shield currently unavailable)
rNeg    . . .      Spirit   .   (armour currently unavailable)
rPois   +          Reflect  .   (helmet currently unavailable)
rElec   .          Harm     .   (cloak currently unavailable)
rCorr   .          Rampage  .   (gloves currently unavailable)
Will    +....                   (boots currently unavailable)
Stlth   ++........              w - amulet of regeneration
HPRegen 1.11/turn               h - +4 ring of protection
MPRegen 0.21/turn               D - ring of see invisible

@: ice-form, wereblooded, lightly drained
A: freezing attack, amphibious, boosted hp, large, high MP 1, forlorn, divine
attributes
a: End Transformation


You were on level 4 of the Lair of Beasts.
You were a creature of crystalline ice.
You visited 3 branches of the dungeon, and saw 16 of its levels.
You also visited: Ossuary.

You collected 872 gold pieces.

Inventory:

Missiles
 z - 2 throwing nets
 X - 4 curare-tipped darts
Armour
 f - a +0 helmet (melded)
 s - a +2 pair of boots (melded)
 v - a +2 robe of fire resistance (melded)
 P - a scarf of resistance (melded)
 Y - a +2 pair of gloves (melded)
Magical Staves
 N - a staff of cold (melded)
Jewellery
 b - a +6 ring of strength
 c - a +6 ring of intelligence
 d - an amulet of the acrobat
 h - a +4 ring of protection (left front paw)
 u - a ring of fire
 w - an amulet of regeneration (around neck)
 y - a ring of resist corrosion
 D - a ring of see invisible (right front paw)
 L - a +6 ring of dexterity
 R - a ring of magical power
Wands
 j - a wand of mindburst (13)
 l - a wand of flame (25)
 E - a wand of iceblast (9)
 J - a wand of digging (12)
 Q - a wand of polymorph (13)
Scrolls
 i - 4 scrolls of summoning
 k - 2 scrolls of fog
 n - 5 scrolls of teleportation
 p - 4 scrolls of immolation {unknown}
 t - 2 scrolls of brand weapon {unknown}
 G - 3 scrolls of amnesia {unknown}
 H - 3 scrolls of magic mapping {unknown}
 I - 4 scrolls of vulnerability {unknown}
 K - 2 scrolls of holy word
 M - a scroll of blinking {unknown}
 S - a scroll of fear {unknown}
 T - 2 scrolls of enchant weapon {unknown}
 V - a scroll of torment {unknown}
Potions
 a - 2 potions of might
 e - 3 potions of curing
 g - 2 potions of flight
 m - 4 potions of haste
 q - 4 potions of cancellation
 r - a potion of attraction {unknown}
 x - a potion of lignification {unknown}
 A - 2 potions of magic {unknown}
 B - 4 potions of heal wounds {unknown}
 C - a potion of resistance {unknown}
 F - a potion of brilliance {unknown}
 O - a potion of mutation {unknown}
 W - a potion of invisibility {unknown}
Miscellaneous
 U - a lightning rod (4/4)


   Skills:
 + Level 8.1 Fighting
 + Level 8.4 Dodging
 + Level 8.7 Unarmed Combat
 + Level 7.7 Spellcasting
 + Level 3.3 Summonings
 + Level 8.3 Transmutations
 + Level 6.7 Ice Magic
 - Level 5.1 Poison Magic
 + Level 5.4 Evocations


You had 11 spell levels left.
You knew the following spells:

 Your Spells              Type           Power      Damage    Failure   Level
a - Beastly Appendage     Tmut           100%       N/A       1%          1
b - Wereblood             Tmut           53%        N/A       1%          2
c - Spider Form           Tmut/Pois      46%        N/A       1%          3
d - Ice Form              Ice/Tmut       50%        N/A       2%          4
e - Eringya's Noxious Bo  Tmut/Pois      23%        N/A       45%         6

Your spell library contained the following spells:

 Spells                   Type           Power      Damage    Failure   Level
 Summon Small Mammal      Summ           100%       N/A       1%          1
 Call Canine Familiar     Summ           28%        N/A       4%          3
 Animate Skeleton         Necr           20%        N/A       5%          1
 Pain                     Necr           40%        1d6       5%          1
 Summon Guardian Golem    Hex/Summ       19%        N/A       9%          3
 Gell's Gravitas          Tloc           10%        N/A       16%         3
 Lesser Beckoning         Tloc           10%        N/A       16%         3
 Teleport Other           Tloc           10%        N/A       16%         3
 Vampiric Draining        Necr           10%        2d6       16%         3
 Summon Forest            Summ/Tloc      9%         N/A       58%         5
 Summon Hydra             Summ           14%        N/A       100%        7
 Chain Lightning          Conj/Air       5%         3d6       100%        9
 Fire Storm               Conj/Fire      5%         8d1       100%        9
 Shatter                  Erth           5%         3d8*      100%        9


Dungeon Overview and Level Annotations

Branches:
Dungeon (11/15)            Temple (1/1) D:6            Lair (4/6) D:10
 Shoals (0/4) Lair:3        Snake (0/4) Lair:3          Orc (0/2) D:10
Ossuary (visited)

Shops:
D:10 *

Annotations:
D:10 1 runed translucent door, belegose's ghost, novice MiFi


Innate Abilities, Weirdness & Mutations

You are a creature of crystalline ice.
You have a powerful freezing melee attack.
You are amphibious.
Your maximum health is increased.
Your armour is entirely melded.
You are incapable of wielding weapons or throwing items.
You have an increased reservoir of magic. (+10% MP)
You shall have no god before yourself.
Your divine heritage dramatically boosts your attributes as you level up.


Message History

The basilisk gazes at you.
You easily resist.
A wyvern comes into view.
You punch the basilisk! You freeze the basilisk.
The basilisk is heavily wounded.
The basilisk bites you!
You barely miss the basilisk.
The basilisk is heavily wounded.
The basilisk bites you! The wyvern bites you!
* * * LOW HITPOINT WARNING * * *
You punch the basilisk!
The basilisk seems to slow down.
You freeze the basilisk.
The basilisk is almost dead.
The wyvern completely misses you.
The basilisk bites you but does no damage.
You pummel the basilisk!!
The basilisk seems to slow down.
You freeze the basilisk.
You feel a bit better.
You kill the basilisk!
The wyvern bites you.
* * * LOW HITPOINT WARNING * * *
The wyvern barely misses you.
You pummel the wyvern!! You freeze the wyvern!
You feel a bit better.
You kill the wyvern!
The wyvern bites you but does no damage.
You have reached level 13!
You hit the manticore. You freeze the manticore.
The manticore is lightly wounded.
The wyvern bites you but does no damage.
The manticore bites you!
* * * LOW HITPOINT WARNING * * *
The manticore claws you!
* * * LOW HITPOINT WARNING * * *
The manticore completely misses you.
You pummel the manticore!! You freeze the manticore!
The manticore is severely wounded.
The wyvern closely misses you. The manticore bites you!
* * * LOW HITPOINT WARNING * * *
The manticore claws you but does no damage.
The manticore claws you!
You die...

#...P.#.....#........
##..#.###...#........
##...####..##........
#....................
##...................
#...................
##†..l.....#........
###l###.....#.
####..†Y##.l..<...
#....#H####...Y...
................Y..
.#.##...#..#....#.. #
##.....l#..rl#..
#.......).......
#..#.##.......P.
#..#. ####....P.
#.... ......


You could see a manticore and a wyvern.

Vanquished Creatures
  6 hydras
  A boulder beetle (D:10)
  3 two-headed ogres
  Pikel (D:5)
  A lindwurm (Lair:3)
  2 manticores
  A merfolk siren (Lair:3)
  3 black mambas
  4 cane toads
  Maggie (D:7)
  The ghost of Cecur the Shield-Bearer, a novice FoFi of Hepliaklqana (D:8)
  5 komodo dragons
  5 rime drakes
  2 trolls
  A merfolk (Lair:3)
  A hornet (D:7)
  5 blink frogs
  2 dream sheep (D:10)
  Sigmund (D:5)
  A shadow (D:11)
  7 wyverns
  3 basilisks (Lair:4)
  23 yaks
  2 fire bats (Lair:3)
  3 nagas (Lair:3)
  A steam dragon (D:7)
  A warg (Lair:1)
  2 acid dragons
  15 water moccasins
  8 orc warriors
  A hornet zombie (D:5)
  3 sky beasts
  4 black bears
  2 necrophages
  26 wolves
  2 centaurs
  A lemure (D:5)
  6 kobold brigands
  A wyvern zombie (D:8)
  3 scorpions
  13 bullfrogs
  A gnoll sergeant (D:6)
  2 water moccasin skeletons (D:5)
  9 killer bees
  3 wights (D:9)
  3 electric eels
  4 centaur zombies
  16 hounds
  A jelly (D:4)
  14 orc priests
  3 bullfrog skeletons
  Crazy Yiuf (D:5)
  A gnoll shaman (D:7)
  Ijyb (D:3)
  4 iguanas
  7 orc wizards
  3 hell rats (Lair:4)
  A mummy (Ossuary)
  2 howler monkey zombies
  24 gnolls
  4 adders
  2 white imps
  An ufetubus (D:4)
  An adder skeleton (D:4)
  6 dart slugs
  67 orcs
  3 bats
  7 endoplasms
  3 giant cockroaches
  12 gnoll zombies (Ossuary)
  15 goblins
  13 hobgoblins
  23 jackals
  23 kobolds
  3 quokkas
  3 ball pythons
  3 bat simulacra (Ossuary)
  5 frilled lizards
  3 goblin simulacra (Ossuary)
  5 goblin zombies (Ossuary)
  4 hobgoblin zombies (Ossuary)
  A kobold simulacrum (Ossuary)
  5 kobold zombies (Ossuary)
  4 orc zombies (Ossuary)
  2 rats
  5 rat simulacra (Ossuary)
  5 spectral goblins (Ossuary)
  A spectral kobold (Ossuary)
  3 spectral rats (Ossuary)
506 creatures vanquished.

Vanquished Creatures (others)
  2 gnolls (D:7)
  An orc (D:6)
  A fire vortex (Lair:3)
  32 fungi
  69 plants
105 creatures vanquished.

Grand Total: 611 creatures vanquished

Notes
Turn   | Place    | Note
-------+----------+-------------------------------------------
     0 | D:1      | siradein the Demigod Transmuter began the quest for the
                  | Orb.
     0 | D:1      | Reached XP level 1. HP: 15/15 MP: 5/5
    45 | D:1      | Reached skill level 1 in Fighting
   573 | D:1      | Reached XP level 2. HP: 19/23 MP: 5/7
   576 | D:1      | Learned a level 2 spell: Wereblood
  1418 | D:2      | Reached XP level 3. HP: 24/28 MP: 6/8
  1422 | D:2      | Learned a level 3 spell: Spider Form
  1731 | D:3      | Noticed Ijyb
  1772 | D:3      | Killed Ijyb
  2238 | D:3      | Reached XP level 4. HP: 36/36 MP: 10/10
  2848 | D:4      | Reached XP level 5. HP: 30/41 MP: 8/11
  3584 | D:5      | Entered Level 5 of the Dungeon
  3887 | D:5      | Reached XP level 6. HP: 42/50 MP: 10/13
  4168 | D:5      | Noticed Sigmund
  4181 | D:5      | Killed Sigmund
  4182 | D:5      | Reached XP level 7. HP: 39/57 MP: 10/15
  5087 | D:5      | Noticed Pikel
  5108 | D:5      | Killed Pikel
  5109 | D:5      | Reached skill level 5 in Unarmed Combat
  5109 | D:5      | Reached XP level 8. HP: 35/66 MP: 12/17
  5125 | D:5      | Learned a level 4 spell: Ice Form
  5466 | D:5      | Found a runed translucent door.
  5467 | D:5      | Noticed Crazy Yiuf
  5634 | D:5      | Killed Crazy Yiuf
  5739 | D:6      | Found a staircase to the Ecumenical Temple.
  5778 | D:6      | Reached skill level 1 in Ice Magic
  5778 | D:6      | Reached skill level 1 in Poison Magic
  6020 | Temple   | Entered the Ecumenical Temple
  6109 | D:6      | Reached skill level 5 in Transmutations
  6129 | D:6      | Reached skill level 5 in Dodging
  6337 | D:6      | Reached XP level 9. HP: 73/73 MP: 16/19
  6785 | D:6      | Reached skill level 5 in Fighting
  7049 | D:7      | Reached skill level 5 in Spellcasting
  7248 | D:7      | Found a sand-covered staircase.
  7257 | Ossuary  | Entered an ossuary
  7751 | D:7      | Noticed Maggie
  7772 | D:7      | Killed Maggie
  8842 | D:8      | Noticed a two-headed ogre
  8859 | D:8      | Killed a two-headed ogre
  8860 | D:8      | Reached XP level 10. HP: 83/83 MP: 19/22
  9000 | D:8      | Found a runed translucent gate.
  9000 | D:8      | Found a runed translucent gate.
  9000 | D:8      | Found a runed translucent gate.
  9000 | D:8      | Noticed Cecur's ghost (novice FoFi)
  9029 | D:8      | Killed Cecur's ghost
  9502 | D:9      | Noticed a manticore
  9780 | D:9      | Killed a manticore
  9781 | D:9      | Reached skill level 1 in Evocations
 10485 | D:10     | Entered Level 10 of the Dungeon
 10591 | D:10     | Noticed a three-headed hydra
 10601 | D:10     | Killed a three-headed hydra
 10738 | D:10     | Found a staircase to the Orcish Mines.
 10812 | D:10     | Reached XP level 11. HP: 88/91 MP: 22/24
 10851 | D:10     | Noticed a two-headed ogre
 10873 | D:10     | Killed a two-headed ogre
 10908 | D:10     | Found a staircase to the Lair.
 10965 | D:10     | Noticed a boulder beetle
 10985 | D:10     | Killed a boulder beetle
 11053 | D:10     | Found a runed translucent door.
 11089 | D:10     | Reached skill level 5 in Poison Magic
 11106 | D:10     | Reached skill level 5 in Ice Magic
 11231 | D:10     | Found Lut Agg's Lightly-Used Armoury.
 11538 | D:10     | Noticed belegose's ghost (novice MiFi)
 11611 | D:11     | Noticed a two-headed ogre
 11636 | D:11     | Killed a two-headed ogre
 11731 | D:11     | Noticed a five-headed hydra
 11745 | D:11     | Killed a five-headed hydra
 11889 | D:11     | Noticed a skeletal warrior
 11961 | Lair:1   | Entered Level 1 of the Lair of Beasts
 12550 | Lair:1   | Noticed a six-headed hydra
 12552 | Lair:1   | Noticed an eight-headed hydra
 12564 | Lair:1   | Killed a six-headed hydra
 12565 | Lair:1   | Reached XP level 12. HP: 100/100 MP: 26/26
 12598 | Lair:1   | Killed an eight-headed hydra
 12599 | Lair:1   | Reached skill level 1 in Summonings
 13093 | Lair:1   | Learned a level 6 spell: Eringya's Noxious Bog
 13120 | Lair:2   | Noticed a four-headed hydra
 13136 | Lair:2   | Killed a four-headed hydra
 13183 | Lair:2   | Noticed Sonja
 13184 | Lair:2   | Noticed Sonja
 13184 | Lair:2   | Sonja changed into Sonja the rime drake
 13193 | Lair:2   | Killed Sonja the rime drake
 14322 | Lair:3   | Found a staircase to the Shoals.
 14412 | Lair:3   | Found a staircase to the Snake Pit.
 14430 | Lair:3   | Reached skill level 5 in Evocations
 15000 | Lair:3   | HP: 4/101 [lindwurm/blast of flame (42)]
 15269 | Lair:3   | Noticed a seven-headed hydra
 15280 | Lair:3   | Killed a seven-headed hydra
 15664 | Lair:4   | Reached XP level 13. HP: 34/105 MP: 26/29
 15665 | Lair:4   | Slain by a manticore

Illustrated notes

Levels and vault maps discovered:
D:1:      nicolae_arrival_washed_ashore, layout_basic, basic_ecumenical_altar
D:2:      layout_basic
D:3:      layout_loops_ring, cheibriados_altar_1, elyvilon_altar_5, uniq_ijyb
D:4:      layout_rooms, minmay_bent
D:5:      layout_loops_ring, mainiacjoe_overflow_tiny_flanked, uniq_pikel,
          uniq_sigmund, uniq_crazy_yiuf_cottage
D:6:      layout_cave_pools, minmay_temple_entry_proselytizer,
          serial_gnoll_camp, gnoll_camp_mini_house, gnoll_camp_mini_loothouse,
          gnoll_camp_mini_doghouse, gnoll_camp_mini_doghouse,
          gnoll_camp_mini_hut
D:7:      corexii_shantytown, layout_cave_pools,
          nicolae_qazlal_eye_of_the_storm, mainiacjoe_overflow_brackets,
          lightli_ossuary_entry_decrepit_ruins, uniq_maggie
D:8:      layout_rooms, grunt_temple_overflow_bloody_war,
          nicolae_yredelemnul_ghost_church, special_room [special_room_orc]
D:9:      layout_cave_pods
D:10:     layout_cave_pools, nicolae_overflow_squiral,
          due_lair_maze_entry_diamond, david_orc_2,
          ebering_ghost_reflecting_pool, minmay_tree_intersection,
          corexii_hall_statues_u, minmay_shop_damaged, hangedman_ranch
D:11:     nzn_winding_woodlands_three_and_one
          [nzn_winding_woodlands_5x15_parted,
          nzn_winding_woodlands_5x15_longhouse,
          nzn_winding_woodlands_5x15_pathside_ponds,
          nzn_winding_woodlands_center_triple_pond], layout_basic, special_room
          [special_room_orc], kennysheep_minor_cross
Temple:   minmay_temple_bridge_abc
Lair:1:   beast_lair_carwin_large_4, layout_regular_city,
          hangedman_lair_generics_rect
Lair:2:   layout_cellular_growth, uniq_sonja
Lair:3:   layout_gridlike, elwin_shoals_entry_rooms,
          guppyfry_snake_entry_garden, nicolae_lair_lindhole
Lair:4:   layout_gridlike, special_room [special_room_mythical_zoo],
          serial_bayou_shore_a, lemuel_fruit_tree

Skill      XL: |  1  2  3  4  5  6  7  8  9 10 11 12 |
---------------+-------------------------------------+-----
Fighting       | 1 2 3 4 5 6 7 8 |  8.1
Dodging        | 2 3 4 5 6 7 8 |  8.4
Transmutations | 2 3 4 5 6 7 8 |  8.3
Spellcasting   | 2 3 4 5 6 7 |  7.7
Unarmed Combat | 3 4 5 6 7 8 |  8.7
Ice Magic      | 1 3 4 5 6 |  6.7
Poison Magic   | 1 3 4 5 |  5.1
Evocations     | 2 4 5 |  5.4
Summonings     | 3 |  3.3

Action                   |  1- 3 |  4- 6 |  7- 9 | 10-12 | 13-15 || total
-------------------------+-------+-------+-------+-------+-------++-------
Melee: Unarmed           |   115 |    44 |   509 |   793 |     2 ||  1463
       Kick              |    37 |    29 |    20 |       |       ||    86
       Headbutt          |    17 |    22 |    11 |       |       ||    50
       Punch             |     2 |     4 |     1 |     1 |       ||     8
       Whip              |    14 |   113 |    13 |       |       ||   140
       Quarterstaff      |       |       |    70 |       |       ||    70
       Staff             |       |       |       |    27 |       ||    27
 Cast: Beastly Appendage |    27 |    16 |     9 |       |       ||    52
       Wereblood         |     1 |     3 |     8 |    21 |       ||    33
       Spider Form       |       |     5 |    33 |     8 |       ||    46
       Ice Form          |       |       |    12 |    51 |       ||    63
 Abil: End Transformatio |       |       |     2 |     9 |       ||    11
Evoke: Wand              |       |       |       |     1 |       ||     1
  Use: Scroll            |       |       |     7 |     2 |       ||     9
 Stab: Sleeping          |       |       |     7 |     2 |       ||     9
       Distracted        |       |       |       |     2 |       ||     2
Armor: Robe              |     3 |       |    45 |    16 |       ||    64
       Leather armour    |    37 |    33 |     4 |       |       ||    74
       Skin              |       |     6 |   112 |   392 |     2 ||   512
Dodge: Dodged            |   110 |   146 |   601 |   724 |     2 ||  1583

Table legend: (Time is in decaauts)
 A = Elapsed time spent in this place.
 B = Non-inter-level travel time spent in this place.
 C = Inter-level travel time spent in this place.
 D = Time resting spent in this place.
 E = Time spent auto-exploring this place.
 F = Levels seen in this place.
 G = Mean time per level.
                   A        B        C        D        E       F      G
               +--------+--------+--------+--------+--------+-----+--------+
         Total |  15561 |  15146 |    415 |   1403 |   9924 |  17 |  915.4 |
       Dungeon |  11446 |  11120 |    326 |   1197 |   7119 |  11 | 1040.5 |
        Temple |     35 |     35 |      0 |     11 |      0 |   1 |   35.0 |
          Lair |   3655 |   3566 |     89 |    195 |   2555 |   4 |  913.8 |
       Ossuary |    423 |    423 |      0 |      0 |    250 |   1 |  423.0 |
               +--------+--------+--------+--------+--------+-----+--------+

Top non-repeatable levels by time:
     D:5: 1771 daAuts
     D:4: 1544 daAuts
     D:6: 1232 daAuts
  Lair:3: 1228 daAuts
  Lair:1: 1139 daAuts
  Lair:2: 1122 daAuts
    D:10: 1109 daAuts
     D:7: 1079 daAuts
     D:9: 1064 daAuts
     D:3: 894 daAuts
     D:1: 872 daAuts
     D:2: 790 daAuts
     D:8: 728 daAuts
 Ossuary: 423 daAuts
    D:11: 358 daAuts
